 Dungeon Crawl Stone Soup version 0.29-a0-732-g3d7fbe0af2 (webtiles) character file.

Game seed: 10926025240413811529

74 crusatyr the Cudgeller (level 4, -2/35 HPs)
             Began as a Demonspawn Monk on June 29, 2022.
             Slain by a gnoll
             ... wielding a +1 vorpal flail
              (3 damage)
             ... on level 3 of the Dungeon.
             The game lasted 00:04:49 (2887 turns).

crusatyr the Cudgeller (Demonspawn Monk)            Turns: 2887, Time: 00:04:49

Health: -2/35      AC:  9    Str: 13    XL:     4   Next: 10%
Magic:  4/4        EV:  6    Int: 14    God:
Gold:   180        SH:  0    Dex: 15    Spells: 3/3 levels left

rFire   . . .      SeeInvis .   a - +0 mace
rCold   . . .      Faith    .   (no shield)
rNeg    . . .      Spirit   .   m - +0 chain mail
rPois   .          Reflect  .   (no helmet)
rElec   .          Harm     .   (no cloak)
rCorr   .          Rampage  .   (no gloves)
Will    .....                   h - +0 pair of boots
Stlth   ..........              (no amulet)
HPRegen 0.11/turn               (no ring)
MPRegen 0.09/turn               (no ring)

@: no status effects
A: big brain 1
a: no special abilities


You were on level 3 of the Dungeon.
You visited 1 branch of the dungeon, and saw 3 of its levels.

You collected 180 gold pieces.

Inventory:

Hand Weapons
 a - a +0 mace (weapon)
 f - a +2 dagger of venom
Missiles
 g - 10 stones (quivered)
Armour
 h - a +0 pair of boots (worn)
 m - a +0 chain mail (worn)
Jewellery
 j - a ring of willpower
Scrolls
 b - 2 scrolls of teleportation {unknown}
 e - 2 scrolls of identify {unknown}
 k - a scroll of brand weapon {unknown}
Potions
 c - a potion of ambrosia
 d - a potion of brilliance {unknown}
 i - 2 potions of haste {unknown}
 l - 4 potions of curing {unknown}
 n - a potion of degeneration {unknown}
 o - a potion of heal wounds {unknown}
 p - a potion of magic {unknown}


   Skills:
 - Level 3.0 Fighting
 + Level 4.5 Maces & Flails
 - Level 2.6 Dodging
 - Level 1.7 Stealth


You had 3 spell levels left.
You didn't know any spells.
Your spell library was empty.

Dungeon Overview and Level Annotations

Branches:
Dungeon (3/15)

Altars:
Makhleb

Shops:
D:1 [


Innate Abilities, Weirdness & Mutations

You have an unusually large brain. (Int +2)


Message History

The gnoll is heavily wounded.
The gnoll barely misses you.
You barely miss the gnoll.
The gnoll is heavily wounded.
The gnoll barely misses you.
You hit the gnoll.
The gnoll is almost dead.
The gnoll hits you with a +0 spear.
You hit the gnoll.
You kill the gnoll!
You have reached level 4!
You feel clever.
A gnoll comes into view. It is wielding a +1 vorpal flail.
Throw: 11 stones
Press: ? - help, Q - select action Shift-Dir - straight line, f - gnoll
Aim: a gnoll, wielding a +1 vorpal flail (wandering, hasn't noticed you, 63% to hit)
You throw a stone. The gnoll shouts!
The stone hits the gnoll but does no damage.
You hear a shout!
You closely miss the gnoll.
The gnoll hits you with a +1 vorpal flail.
You hit the gnoll.
The gnoll is lightly wounded.
The gnoll hits you with a +1 vorpal flail.
You barely miss the gnoll.
The gnoll is lightly wounded.
The gnoll hits you but does no damage.
You hit the gnoll but do no damage.
The gnoll is lightly wounded.
The gnoll hits you with a +1 vorpal flail.
You hit the gnoll.
The gnoll is heavily wounded.
The gnoll hits you with a +1 vorpal flail.
* * * LOW HITPOINT WARNING * * *
You closely miss the gnoll.
The gnoll is heavily wounded.
The gnoll hits you with a +1 vorpal flail!
* * * LOW HITPOINT WARNING * * *
You die...

##.#######. ## #.# ##.# ##.###.##
##.# ## ..<..... ## ##.### #..
......# .. ##...## #.# ...#..####
g# ####..######.## #...#....# ..
# #......)....# #.#.#.##.##.#
#...........#####.#.#.##..#.#
#...P.PPP.....@g....)...).#.#.#
#..PP.PPPP........##...........
###.......PP...#######..........#
..........PP...# ####..#####.##
##.†####..PP...# #.....#P..#.#
#.....#..PP...# #.....#..P#.#
#..)_.#..PP...# #.....#PP.#.#
##....#.......# ####..#####.#
#............# #........#


You could see a gnoll.

Vanquished Creatures
  A gnoll (D:3)
  2 adders
  A dart slug (D:3)
  2 ball pythons
  5 bats
  2 endoplasms
  A giant cockroach (D:1)
  9 goblins
  3 hobgoblins
  4 quokkas
  3 frilled lizards
  4 kobolds
  4 rats
41 creatures vanquished.

Vanquished Creatures (others)
  2 demonspawn (D:1)
  A draconian (D:1)
  A gargoyle (D:1)
  A vine stalker (D:1)
  A spriggan (D:1)
  A formicid (D:1)
  A naga (D:1)
  3 mummies (D:1)
  A gnoll (D:1)
  4 plants (D:3)
  7 tentacles (D:1)
23 creatures vanquished.

Grand Total: 64 creatures vanquished

Notes
Turn   | Place    | Note
-------+----------+-------------------------------------------
     0 | D:1      | crusatyr the Demonspawn Monk began the quest for the Orb.
     0 | D:1      | Reached XP level 1. HP: 18/18 MP: 1/1
     0 | D:1      | Noticed a demonspawn
     0 | D:1      | Noticed a draconian
     0 | D:1      | Noticed a formicid
     0 | D:1      | Noticed a vine stalker
     0 | D:1      | Noticed a kraken
     0 | D:1      | Noticed a gargoyle
     0 | D:1      | Noticed a demonspawn
     0 | D:1      | Noticed a naga
     0 | D:1      | Noticed a spriggan
     3 | D:1      | Killed a spriggan
     4 | D:1      | Killed a naga
     5 | D:1      | Killed a demonspawn
     6 | D:1      | Killed a gargoyle
     7 | D:1      | Killed a vine stalker
    10 | D:1      | Killed a formicid
    12 | D:1      | Killed a draconian
    13 | D:1      | Killed a demonspawn
   120 | D:1      | Reached skill level 3 in Maces & Flails
   565 | D:1      | Found Xaroh's Antique Armour Shoppe.
   603 | D:1      | Gained mutation: You have an unusually large brain. (Int
                  | +2) [demonic ancestry]
   603 | D:1      | Reached XP level 2. HP: 24/24 MP: 2/2
   738 | D:1      | Upgraded the game from 0.29-a0-723-gce39da1c22 to
                  | 0.29-a0-732-g3d7fbe0af2
  1433 | D:2      | Reached XP level 3. HP: 15/29 MP: 3/3
  1925 | D:2      | Reached skill level 4 in Maces & Flails
  2770 | D:3      | Found a burning altar of Makhleb.
  2842 | D:3      | Reached XP level 4. HP: 28/35 MP: 4/4
  2887 | D:3      | HP: 1/35 [gnoll/+1 vorpal flail (9)]
  2887 | D:3      | Slain by a gnoll

Illustrated notes

Levels and vault maps discovered:
D:1:      nicolae_arrival_kraken_aquarium_a, layout_basic, serial_shops,
          nicolae_shop_hallway_plus, minmay_misc_feat_tower
D:2:      layout_basic
D:3:      layout_rooms, mainiacjoe_overflow_chevrons, serial_aquarium,
          aquarium_bridge_long_joined [aquarium_subvault_bridge,
          aquarium_subvault_balcony, aquarium_subvault_balcony,
          aquarium_subvault_wall, aquarium_subvault_wall,
          aquarium_subvault_bridge], aquarium_window_2, aquarium_window_fake,
          aquarium_view_2e, aquarium_view_2c, aquarium_balcony_5b,
          aquarium_pool_1, st_stairs_9, grunt_decor_fettered,
          minmay_statues_item

Skill      XL: |  1  2  3 |
---------------+----------+-----
Maces & Flails | 3 4 |  4.5
Fighting       | |  3.0
Dodging        | |  2.6
Stealth        | |  1.7

Action                   |  1- 3 |  4- 6 || total
-------------------------+-------+-------++-------
Melee: Mace              |   145 |     6 ||   151
       Punch             |     1 |       ||     1
Throw: Stone             |     4 |     1 ||     5
 Stab: Sleeping          |     6 |       ||     6
Armor: Robe              |    20 |       ||    20
       Chain mail        |    52 |     1 ||    53
Dodge: Dodged            |    84 |       ||    84

Table legend: (Time is in decaauts)
 A = Elapsed time spent in this place.
 B = Non-inter-level travel time spent in this place.
 C = Inter-level travel time spent in this place.
 D = Time resting spent in this place.
 E = Time spent auto-exploring this place.
 F = Levels seen in this place.
 G = Mean time per level.
                   A        B        C        D        E       F      G
               +--------+--------+--------+--------+--------+-----+--------+
         Total |   2917 |   2855 |     62 |    491 |   1875 |   3 |  972.3 |
       Dungeon |   2917 |   2855 |     62 |    491 |   1875 |   3 |  972.3 |
               +--------+--------+--------+--------+--------+-----+--------+

Top non-repeatable levels by time:
     D:1: 1342 daAuts
     D:2: 1234 daAuts
     D:3: 341 daAuts
